[Event "*** Titled Tuesday Blitz"]
[Site "Chess.com"]
[Date "2021.02.09"]
[Round "2"]
[White "chessasuke"]
[Black "Susik_Gaboyan"]
[Result "1-0"]
[WhiteElo "2545"]
[BlackElo "2295"]
[TimeControl "180+1"]
[EndTime "10:18:25 PST"]
[Termination "chessasuke won on time"]

1. e4 c5 2. Nf3 Nc6 3. Bb5 g6 4. Bxc6 dxc6 5. O-O Bg4 6. d3 e5 7. Nbd2 f6 8. h3 Bxf3 9. Qxf3 Nh6 10. a4 Nf7 11. a5 h5 12. Nc4 g5 13. Qf5 Be7 14. Be3 Qd7 15. Qxd7+ Kxd7 16. f3 Rag8 17. g4 hxg4 18. hxg4 Rh3 19. Kg2 Rgh8 20. Rh1 Rxh1 21.
Rxh1 Rxh1 22. Kxh1 Nd8 23. Kg2 Ne6 24. Kf1 Kc7 25.
c3 b5 26. axb6+ axb6 27. Nd2 b5 28. Ke2 Kb6 29. Nf1 Ka5 30. Kd2 c4 31. Ng3 cxd3 32. Kxd3 Ka4 33. Kc2 Bc5 34. b3+ Ka3 35. Bc1+ Ka2 36. Nh5 Be7 37. Ng3 Nc5 38. b4 Nb3 39.
Bb2 Na1+ 40. Bxa1 Kxa1 41. Nf5 Bd8 42. Kb3 Kb1 43. c4 Kc1 44. Kc3 Kd1 45. Nd6 Ke2 46. c5 Kxf3 47. Nb7 Bc7 48. Na5 Kxg4 49. Nxc6 Kf3 50.
Na7 g4 51. Nxb5 Bb8 52. Kd3 g3 53. Nc3 g2 54. Ne2 Kf2 55. b5 1-0

[Event "*** Titled Tuesday Blitz"]
[Site "Chess.com"]
[Date "2021.02.09"]
[Round "2"]
[White "zimmm36"]
[Black "Fischerev7"]
[Result "1-0"]
[WhiteElo "2203"]
[BlackElo "2392"]
[TimeControl "180+1"]
[EndTime "10:18:25 PST"]
[Termination "zimmm36 won by resignation"]

1. d4 Nf6 2. c4 e6 3. Nc3 Bb4 4. e3 O-O 5. Ne2 b6 6. a3 Be7 7. Nf4 Bb7 8. Bd3 d6 9. O-O Nbd7 10. d5 e5 11. Nfe2 c6 12. Ng3 cxd5 13. cxd5 g6 14. e4 Rc8 15. Bh6 Re8 16. Rc1 Bf8 17. Bxf8 Rxf8 18.
Qe2 Qe7 19. Rfd1 Rc5 20. Na4 Rxc1 21. Rxc1 Rc8 22. Rxc8+ Bxc8 23. Qc2 Qd8 24. Nf1 Nc5 25. Nxc5 bxc5 26. Qb3 Qb6 27. Qxb6 axb6 28. Ne3 Ne8 29. f3 Kf8 30. Bb5 Nc7 31. Bc6 Ba6 32. Kf2 Ke7 33.
h4 Bd3 34. Ke1 f5 35. exf5 Bxf5 36. Nxf5+ gxf5 37. Kd2 f4 38. Ke2 Ne8 39. Bxe8 Kxe8 40. a4 Kf7 41. Kd3 Kg6 42. Kc4 Kh5 43. Kb5 Kxh4 44.
Kxb6 Kg3 45. a5 Kxg2 46. a6 h5 47. a7 h4 48. a8=Q h3 49. Qg8+ Kxf3 50. Qg1 e4 51.
Qh1+ Kg3 52. Qxe4 h2 53. Qh1 f3 54. Qf1 f2 55. Kc6 Kf3 56. Kxd6 c4 57. Kc5 h1=Q 58. Qxh1+ Ke2 59. Kxc4 1-0

[Event "*** Titled Tuesday Blitz"]
[Site "Chess.com"]
[Date "2021.02.09"]
[Round "2"]
[White "ZarinaShafigullina"]
[Black "starplatinum2030"]
[Result "1-0"]
[WhiteElo "2401"]
[BlackElo "2109"]
[TimeControl "180+1"]
[EndTime "10:18:25 PST"]
[Termination "ZarinaShafigullina won on time"]

1. d4 d5 2. Nf3 Nf6 3. g3 c5 4.
Bg2 cxd4 5. O-O d3 6. Qxd3 Nc6 7.
Rd1 g6 8. Nc3 Bf5 9. Qd2 Bg7 10.
Nd4 Ne4 11. Nxe4 Nxd4 12. c3 Bxe4 13. Bxe4 dxe4 14. cxd4 O-O 15. Qb4 Qd7 16. Bg5 e6 17. Rac1 Rfc8 18. Be3 Qd5 19. Qa4 b5 20. Qa5 Rxc1 21.
Rxc1 Bxd4 22. Bxd4 Qxd4 23. Qxb5 e3 24. f3 Qd2 25.
Qc6 Rb8 26. Rc2 Qe1+ 27. Kg2 Qf2+ 28. Kh3 Rb6 29. Qc8+ Kg7 30. Qc3+ Kh6 31. Qe5 Qf1+ 32. Kh4 Rb4+ 33. f4 Qg2 34. h3 f5 35. Rc7 1-0

[Event "*** Titled Tuesday Blitz"]
[Site "Chess.com"]
[Date "2021.02.09"]
[Round "2"]
[White "amintabatabaei"]
[Black "gross-aleks"]
[Result "1-0"]
[WhiteElo "2945"]
[BlackElo "2561"]
[TimeControl "180+1"]
[EndTime "10:18:26 PST"]
[Termination "amintabatabaei won by checkmate"]

1. d4 Nf6 2. Nf3 e6 3. Bf4 b6 4.
e3 Bb7 5. h3 c5 6. c3 Nc6 7. Nbd2 d5 8. Bb5 a6 9. Bd3 Bd6 10. Ne5 Qc7 11. Ndf3 Rd8 12. Qe2 b5 13. Nxc6 Bxc6 14. dxc5 Bxf4 15. exf4 Qxf4 16. Qe5 Qxe5+ 17. Nxe5 Ba8 18. a4 bxa4 19. Rxa4 O-O 20. Rxa6 d4 21. c4 Bxg2 22. Rg1 Bxh3 23. b4 Bf5 24. c6 Bxd3 25.
Nxd3 Ne4 26. b5 Rc8 27. Ne5 Rfd8 28. b6 f6 29. c7 fxe5 30. cxd8=Q+ Rxd8 31. Ra5 Rb8 32. c5 d3 33. f3 d2+ 34. Ke2 Nxc5 35. Rxc5 Rxb6 36. Rc7 Rd6 37. Rgxg7+ Kf8 38. Kd1 h5 39. Rh7 Rd3 40. Rh8# 1-0

[Event "*** Titled Tuesday Blitz"]
[Site "Chess.com"]
[Date "2021.02.09"]
[Round "2"]
[White "tylityli"]
[Black "FMKonstantin_Twitch"]
[Result "0-1"]
[WhiteElo "2280"]
[BlackElo "2615"]
[TimeControl "180+1"]
[EndTime "10:18:26 PST"]
[Termination "FMKonstantin_Twitch won on time"]

1. d4 Nf6 2. c4 g6 3. Nc3 d5 4. cxd5 Nxd5 5. Bd2 Bg7 6. e4 Nxc3 7. Bxc3 O-O 8. Be2 Nd7 9. Nf3 c5 10. d5 Nf6 11. Qc2 e6 12. d6 b6 13. O-O Bb7 14.
Bxf6 Qxf6 15. e5 Qf4 16. g3 Qg4 17. Qd3 Rad8 18. Qe3 Qf5 19. Rfe1 f6 20. exf6 Qxf6 21. Rad1 Bxf3 22. Bxf3 Qxf3 23. Qxe6+ Qf7 24. b3 Qxe6 25. Rxe6 Rd7 26. f4 Bd4+ 27. Kg2 Rfd8 28. Rde1 Rxd6 29. Rxd6 Rxd6 30. Re7 a5 31. Kf3 Bf6 32. Rb7 Bd8 33. Ke4 Rd2 34. Ke3 Rd4 35. g4 g5 36. f5 Rxg4 37. f6 Bxf6 38. Rxb6 Bd4+ 39. Kf3 Rf4+ 40. Kg3 h5 41. Rg6+ Kf7 42. Rxg5 Rf2 43. Rxh5 Rxa2 44.
Kf4 Rb2 0-1

[Event "*** Titled Tuesday Blitz"]
[Site "Chess.com"]
[Date "2021.02.09"]
[Round "2"]
[White "Nachsueb"]
[Black "Problematique_99"]
[Result "1-0"]
[WhiteElo "2186"]
[BlackElo "2464"]
[TimeControl "180+1"]
[EndTime "10:18:26 PST"]
[Termination "Nachsueb won on time"]

1. d4 Nf6 2. c4 e6 3. Nc3 Bb4 4. e3 O-O 5. Bd3 d5 6. Ne2 c5 7. O-O Nc6 8. a3 dxc4 9. Bxc4 Bxc3 10. bxc3 Qc7 11. Ba2 b6 12. Ng3 Bb7 13. f3 Rad8 14. Qe2 e5 15. Bb2 exd4 16. cxd4 cxd4 17. Rac1 Rfe8 18.
e4 Qf4 19. Rcd1 h5 20. Bc1 Qe5 21. Qd3 Qa5 22. Rfe1 Ba6 23. Qb3 Ne5 24. Bd2 Qb5 25. Bb4 h4 26. Nf5 h3 27. Nd6 Rxd6 28. Bxd6 Qxb3 29. Bxb3 hxg2 30. Bxe5 Rxe5 31. Kxg2 d3 32. Rd2 Nh5 33. Rc1 Rg5+ 34. Kf2 Nf4 35. Bc4 Rc5 36. Bxa6 Rxc1 37. Bxd3 Rc3 38. Ke3 Ne6 39. a4 Nc5 40. Kd4 Nxa4 41. Ra2 1-0

[Event "*** Titled Tuesday Blitz"]
[Site "Chess.com"]
[Date "2021.02.09"]
[Round "2"]
[White "Dedic8"]
[Black "northridgehawk"]
[Result "1-0"]
[WhiteElo "2819"]
[BlackElo "2351"]
[TimeControl "180+1"]
[EndTime "10:18:26 PST"]
[Termination "Dedic8 won on time"]

1. b3 e5 2. Bb2 Nc6 3. e3 Nf6 4.
Bb5 Bd6 5. Na3 Na5 6. Be2 O-O 7. Nb5 Nc6 8. Nxd6 cxd6 9. Nf3 Re8 10. O-O d5 11. c4 dxc4 12. bxc4 d6 13. d4 Bg4 14.
h3 Bh5 15. Re1 Rc8 16. Rc1 Qa5 17. c5 dxc5 18. dxe5 Bxf3 19. exf6 Rcd8 20. Qb3 Bxe2 21. Rxe2 b6 22. Qc4 Ne5 23. Qf4 Ng6 24. Qg5 Qxa2 25. fxg7 Qd5 26. Qh6 Rd6 27. Rec2 Red8 28. Rc4 Qe6 29.
Qg5 Rd5 30. Qg3 Rd1+ 31. Kh2 R1d2 32. Bc3 R2d5 33. Rg4 Rf5 34. h4 b5 35. Ba5 Rdd5 36. e4 1-0

[Event "*** Titled Tuesday Blitz"]
[Site "Chess.com"]
[Date "2021.02.09"]
[Round "2"]
[White "UCantHandleDenker"]
[Black "agartha01"]
[Result "1-0"]
[WhiteElo "2614"]
[BlackElo "2270"]
[TimeControl "180+1"]
[EndTime "10:18:27 PST"]
[Termination "UCantHandleDenker won by checkmate"]

1. Nf3 Nf6 2. d3 d5 3. g3 c5 4.
Bg2 g6 5. O-O Bg7 6. Nbd2 O-O 7.
e4 Nc6 8. Re1 e5 9. exd5 Nxd5 10. a3 Re8 11. Rb1 h6 12. Ne4 b6 13. c4 Nde7 14. b4 cxb4 15. axb4 Bb7 16. c5 Nf5 17. b5 Ncd4 18. c6 Bc8 19. Nxd4 Nxd4 20. Ba3 Bf8 21. Bxf8 Kxf8 22. Nc3 Qd6 23. h3 Bf5 24. Ne4 Bxe4 25. Rxe4 Qc5 26. Qd2 Kg7 27. Qb2 a6 28. bxa6 Rxa6 29.
Kh1 Rea8 30. Rc1 Ra2 31. Rxc5 Rxb2 32. Rcxe5 Ra1+ 33. Kh2 Rxf2 34. Rf4 Rxf4 35. gxf4 Rc1 36. Re7 b5 37. Bd5 b4 38. Rxf7+ Kh8 39. Rb7 b3 40. c7 b2 41. Rb8+ Kg7 42. Rb7 Kf6 43. c8=Q Rxc8 44.
Rf7# 1-0

[Event "*** Titled Tuesday Blitz"]
[Site "Chess.com"]
[Date "2021.02.09"]
[Round "2"]
[White "SophieNikoladze"]
[Black "amatatanav"]
[Result "0-1"]
[WhiteElo "2197"]
[BlackElo "2429"]
[TimeControl "180+1"]
[EndTime "10:18:27 PST"]
[Termination "amatatanav won on time"]

1. d4 Nf6 2. Nf3 e6 3. e3 d5 4. Bd3 Be7 5. b3 O-O 6. Nbd2 b6 7. Bb2 c5 8. O-O Nbd7 9. Ne5 Nxe5 10. dxe5 Nd7 11.
f4 g6 12. Rf3 Re8 13. Rh3 Bf8 14. Qg4 Bg7 15. e4 Bb7 16. exd5 exd5 17. Nf3 d4 18. Ng5 Nf8 19. e6 Rxe6 20. Nxe6 Nxe6 21. f5 Nf8 22. fxg6 hxg6 23. Bc1 Bc8 24. Qe4 Bxh3 25. gxh3 Qe8 26. Bf4 Qxe4 27. Bxe4 Re8 28. Bd3 Ne6 29. Bg3 Ng5 30.
h4 Nf3+ 31. Kg2 Ne5 32. Re1 Kf8 33. Bb5 Re6 34. Bf4 Ke7 35. Kg3 Bf6 36. h3 Bxh4+ 37.
Kxh4 Nf3+ 38. Kg4 Nxe1 0-1

[Event "*** Titled Tuesday Blitz"]
[Site "Chess.com"]
[Date "2021.02.09"]
[Round "2"]
[White "Skatchkov_V"]
[Black "SaraciNderim"]
[Result "1-0"]
[WhiteElo "2523"]
[BlackElo "2805"]
[TimeControl "180+1"]
[EndTime "10:18:29 PST"]
[Termination "Skatchkov_V won by resignation"]

1. d4 Nf6 2. Nf3 d5 3. c4 c6 4.
Nc3 dxc4 5. a4 Bf5 6. Ne5 Nbd7 7. Nxc4 Nb6 8. Ne5 a5 9. h4 e6 10. f3 h6 11. e4 Bh7 12. Be3 Bb4 13. Be2 Nfd7 14.
Nd3 Nc4 15. Bc1 Nd6 16. Qb3 c5 17. Nxb4 cxb4 18. Bf4 Qe7 19. Nb5 Nxb5 20. Bxb5 O-O 21. Rc1 e5 22. Rc7 exf4 23. Rxd7 Qf6 24. Bc4 Rad8 25.
e5 Qf5 26. Bxf7+ Kh8 27. Rxd8 Rxd8 28. Kf2 Rxd4 29. Re1 Rd2+ 30. Kg1 Rd3 31. Qc4 Re3 32. Rxe3 fxe3 33. e6 e2 34. Qc8+ 1-0

[Event "*** Titled Tuesday Blitz"]
[Site "Chess.com"]
[Date "2021.02.09"]
[Round "2"]
[White "anasta10"]
[Black "HanSchut"]
[Result "0-1"]
[WhiteElo "2463"]
[BlackElo "2293"]
[TimeControl "180+1"]
[EndTime "10:18:29 PST"]
[Termination "HanSchut won on time"]

1. d4 Nf6 2. c4 g6 3. Nc3 d5 4. Nf3 Bg7 5. h4 c6 6. Bf4 O-O 7. e3 h6 8. Bd3 dxc4 9. Bxc4 b5 10. Bd3 Bg4 11. Qc2 Nh5 12. Bh2 Bxf3 13. gxf3 Qe8 14. O-O-O e5 15. dxe5 Bxe5 16. f4 Bg7 17. f5 b4 18. Na4 gxf5 19. Bxf5 Kh8 20. Rhg1 Nf6 21. Bf4 Nbd7 22. Kb1 Nb6 23. Nc5 Nbd5 24. Bh2 Rd8 25. e4 Nb6 26. e5 Nfd5 27. Rde1 Qe7 28. Bg3 Nc3+ 29. bxc3 Qxc5 30. cxb4 Qxb4+ 31. Qb3 Qd4 32. Rd1 Qc5 0-1

[Event "*** Titled Tuesday Blitz"]
[Site "Chess.com"]
[Date "2021.02.09"]
[Round "2"]
[White "Funo09"]
[Black "Atco84"]
[Result "1/2-1/2"]
[WhiteElo "2779"]
[BlackElo "2508"]
[TimeControl "180+1"]
[EndTime "10:18:30 PST"]
[Termination "Game drawn by repetition"]

1. e4 c5 2. Nc3 d6 3. Nf3 Nf6 4. d4 cxd4 5. Nxd4 a6 6. a3 e6 7. Bc4 b5 8. Ba2 Be7 9. O-O O-O 10. Qf3 Ra7 11. Be3 Rd7 12. Qh3 Bb7 13. f3 Nc6 14.
Rad1 d5 15. Nxe6 fxe6 16. Qxe6+ Kh8 17. exd5 Nb8 18. Bb6 Qc8 19. d6 Bd8 20. Bf2 Re8 21. Qf5 Ba5 22. Be6 Bxc3 23. bxc3 Qxc3 24. Bd4 Qxa3 25.
Bxd7 Nbxd7 26. Rd3 Qb4 27. Bxf6 Nxf6 28. d7 Rd8 29. Rfd1 Bc6 30. Kh1 h6 31. h3 Rxd7 32. Rxd7 Bxd7 33. Rxd7 Nxd7 34. Qxd7 a5 35. Qd8+ Kh7 36.
Qd3+ Kh8 37. Qd8+ Kh7 38. Qd3+ Kh8 39. Qd8+ 1/2-1/2

[Event "*** Titled Tuesday Blitz"]
[Site "Chess.com"]
[Date "2021.02.09"]
[Round "2"]
[White "sara_khm"]
[Black "J36225"]
[Result "1/2-1/2"]
[WhiteElo "2698"]
[BlackElo "2482"]
[TimeControl "180+1"]
[EndTime "10:18:31 PST"]
[Termination "Game drawn by repetition"]

1. d4 Nf6 2. c4 e6 3. Nf3 d5 4.
Nc3 Nbd7 5. e3 Be7 6. Bd3 O-O 7.
O-O c5 8. cxd5 Nxd5 9. Nxd5 exd5 10. b3 cxd4 11. Nxd4 Nc5 12. Bb2 Bf6 13. Rc1 Ne6 14.
Bb1 Nxd4 15. Bxd4 Be6 16. Qd3 g6 17. Rfd1 Bxd4 18. Qxd4 Qa5 19. Rc5 Qb6 20. Rdc1 Qd6 21. h4 h5 22. Bd3 b6 23. Rc6 Qa3 24. R1c2 Rac8 25. Rxc8 Rxc8 26. Rxc8+ Bxc8 27. Qxd5 Be6 28. Qd8+ Kg7 29. Qd4+ Kg8 30. Qf6 Qxa2 31. Bxg6 Qxb3 32. Bxh5 a5 33. Bf3 Qb1+ 34. Kh2 a4 35. h5 a3 36. h6 Qg6 37. Qd8+ Kh7 38. Qd4 Qxh6+ 39.
Kg1 Qg7 40. Be4+ Kg8 41. Qd8+ Qf8 42. Qg5+ Qg7 43. Qd8+ Qf8 44. Qg5+ Qg7 45. Qd8+ 1/2-1/2

[Event "*** Titled Tuesday Blitz"]
[Site "Chess.com"]
[Date "2021.02.09"]
[Round "2"]
[White "ViktoriyaTarasova"]
[Black "CSB7"]
[Result "0-1"]
[WhiteElo "2305"]
[BlackElo "2576"]
[TimeControl "180+1"]
[EndTime "10:18:31 PST"]
[Termination "CSB7 won by checkmate"]

1. d4 d5 2. c4 e6 3. Nc3 a6 4.
cxd5 exd5 5. Nf3 Nf6 6. Bg5 Be6 7. e3 Nbd7 8. Bd3 h6 9. Bh4 g5 10. Bg3 Nh5 11. Be5 Nhf6 12. Qc2 g4 13. Nd2 Nxe5 14. dxe5 Nd7 15. f4 gxf3 16. Nxf3 Bg7 17. Bf5 Nxe5 18. Nxe5 Bxe5 19. Bxe6 fxe6 20. Qg6+ Kd7 21. O-O Qg5 22. Rf7+ Kd6 23. Ne4+ dxe4 24. Rd1+ Kc5 25. Qxe6 Qxe3+ 26. Kh1 Bd6 27. Rf5+ Kb6 28. Rfd5 Ka7 29. Qd7 Rad8 30.
Qa4 Rhf8 31. h3 Qf4 32. Qd4+ Ka8 33. Qg1 e3 34. R5d4 Qe5 35. Rd5 Qxb2 36. h4 Qf2 37. Qxf2 exf2 38. Rf1 Bg3 39. Rdd1 Rxd1 40. Rxd1 f1=Q+ 41.
Rxf1 Rxf1# 0-1

[Event "*** Titled Tuesday Blitz"]
[Site "Chess.com"]
[Date "2021.02.09"]
[Round "2"]
[White "Vasily85"]
[Black "Andrakhanova"]
[Result "0-1"]
[WhiteElo "2445"]
[BlackElo "2260"]
[TimeControl "180+1"]
[EndTime "10:18:31 PST"]
[Termination "Andrakhanova won by resignation"]

1. Nf3 d5 2. e3 Nf6 3. c4 c6 4.
Nc3 e6 5. b3 Nbd7 6. Bb2 Bd6 7.
d4 O-O 8. Be2 Qe7 9. O-O Rd8 10.
Qc2 Ba3 11. Rad1 a5 12. Bxa3 Qxa3 13. Rd2 h6 14. e4 dxe4 15. Nxe4 Nxe4 16. Qxe4 Nf6 17.
Qf4 a4 18. Qe3 axb3 19. axb3 Bd7 20. Ne5 Be8 21. c5 Qb4 22. Bf3 Ra3 23. Rd3 Nd5 24. Bxd5 cxd5 25. f4 Bb5 26. f5 Bxd3 27. fxe6 Bxf1 28.
exf7+ Kf8 29. Qf4 Bd3 30. Nxd3 Ra1+ 31. Kf2 Qxb3 32. Qc7 Qxd3 33. Qxd8+ Kxf7 34. Qd7+ Kg6 35. Qg4+ Kh7 36. Qf3 Ra2+ 37. Kg3 Qg6+ 38. Kh3 Qe6+ 39. Kg3 Re2 40. h4 Re3 0-1

[Event "*** Titled Tuesday Blitz"]
[Site "Chess.com"]
[Date "2021.02.09"]
[Round "2"]
[White "kirillshevchenko"]
[Black "vladimirdamjanovic"]
[Result "1-0"]
[WhiteElo "2826"]
[BlackElo "2515"]
[TimeControl "180+1"]
[EndTime "10:18:32 PST"]
[Termination "kirillshevchenko won by checkmate"]

1. c4 Nc6 2. Nc3 g6 3. d4 Bg7 4. Nf3 Nf6 5. d5 Nb8 6. e4 d6 7.
h3 O-O 8. Bd3 a5 9. O-O Na6 10.
Re1 Nd7 11. Bg5 Ndc5 12. Rc1 h6 13. Be3 e5 14. dxe6 Bxe6 15. Bd4 Bxd4 16. Nxd4 Qf6 17.
Bf1 Rfe8 18. b3 Qg5 19. g3 a4 20. h4 Qf6 21. Nxe6 fxe6 22. Nb5 axb3 23. axb3 Rf8 24. f4 g5 25. hxg5 hxg5 26. Rc2 gxf4 27. gxf4 Kf7 28. Qh5+ Ke7 29. Rg2 Rg8 30. e5 Qxf4 31.
exd6+ cxd6 32. Qh7+ Qf7 33. Qh2 Rxg2+ 34. Bxg2 Rd8 35.
Qh4+ Qf6 36. Qg3 Qf7 37. Rf1 Qg7 38. Qxg7+ Ke8 39. Qf7# 1-0

[Event "*** Titled Tuesday Blitz"]
[Site "Chess.com"]
[Date "2021.02.09"]
[Round "2"]
[White "JSMastropiero"]
[Black "GregShahade"]
[Result "0-1"]
[WhiteElo "2411"]
[BlackElo "2683"]
[TimeControl "180+1"]
[EndTime "10:18:32 PST"]
[Termination "GregShahade won by resignation"]

1. e4 e5 2. Nf3 Nc6 3. Nc3 Nf6 4. Bb5 Nd4 5. O-O c6 6. Ba4 d6 7. h3 Nxf3+ 8. Qxf3 g5 9. d4 g4 10. hxg4 Bxg4 11.
Qd3 Rg8 12. Re1 Be7 13. dxe5 dxe5 14. Qxd8+ Rxd8 15. Be3 Bf3 16. g3 b5 17. Bb3 b4 18.
Na4 Nxe4 19. Bxa7 h5 20. Re3 Nd2 21. Rxe5 Kf8 22. Rae1 Bd6 23. Bc5 Bxc5 24. Nxc5 h4 25. Re7 Nxb3 26. axb3 hxg3 27. fxg3 Rxg3+ 28. Kf2 Rh3 29.
Nd7+ Kg7 30. R1e3 Bg4 31. Rxh3 Bxh3 32. Ne5 Be6 33. Rc7 Rd2+ 34. Ke3 Rxc2 35. Nxc6 Bd5 36. Rb7 Bxc6 37. Rxb4 Rxb2 38. Rb6 Bd5 39. b4 Be6 40. Kd4 Kf6 41. b5 Ke7 42. Kc5 Rc2+ 43. Kb4 Rb2+ 44. Kc5 f5 45. Rb7+ Kf6 46. b6 f4 47.
Rb8 f3 48. Rf8+ Bf7 49. Kc6 f2 50. b7 f1=Q 51. b8=Q Rxb8 0-1

[Event "*** Titled Tuesday Blitz"]
[Site "Chess.com"]
[Date "2021.02.09"]
[Round "2"]
[White "Alexander_Zubov"]
[Black "FontVella8"]
[Result "1-0"]
[WhiteElo "2983"]
[BlackElo "2569"]
[TimeControl "180+1"]
[EndTime "10:18:33 PST"]
[Termination "Alexander_Zubov won on time"]

1. d4 d5 2. c4 c6 3. Nf3 Nf6 4.
Qb3 dxc4 5. Qxc4 e6 6. Bg5 b5 7. Qb3 Bb7 8. Nbd2 a6 9. a4 Nbd7 10. e4 Be7 11. e5 Nd5 12. Bxe7 Qxe7 13. Ne4 O-O 14. Nd6 N7b6 15. a5 Nc8 16. Ne4 f6 17.
Rc1 fxe5 18. dxe5 Qc7 19. Qa3 b4 20. Qa4 Rxf3 21. gxf3 Qxe5 22. Bc4 Nd6 23. Qc2 Rf8 24. O-O Nf5 25. Ng5 Qf6 26. Ne4 Qh4 27. Rcd1 Nf4 28. Rfe1 Qh6 29. Bf1 Nh4 30. Re3 c5 31. Rd7 Bc6 32. Rd6 Bd5 33. Kh1 Nf5 34. Qxc5 Nxe3 35. Qxe3 g5 36. Rxa6 Qg6 37. Rd6 1-0

[Event "*** Titled Tuesday Blitz"]
[Site "Chess.com"]
[Date "2021.02.09"]
[Round "2"]
[White "GM_Huschenbeth"]
[Black "TheBigBoss04"]
[Result "1-0"]
[WhiteElo "2542"]
[BlackElo "2754"]
[TimeControl "180+1"]
[EndTime "10:18:33 PST"]
[Termination "GM_Huschenbeth won on time"]

1. e4 c5 2. Nf3 g6 3. d4 cxd4 4. Nxd4 Bg7 5. c4 Nc6 6. Be3 Qb6 7. Nb3 Qd8 8. Nc3 Bxc3+ 9. bxc3 Nf6 10. Bd3 d6 11. O-O O-O 12. c5 Ng4 13. Bc1 dxc5 14. h3 Nge5 15. Be2 Qxd1 16. Rxd1 c4 17. Nd2 Be6 18. f4 Nd3 19. Nxc4 Bxc4 20. Bxd3 Rfd8 21. Bc2 Rxd1+ 22. Bxd1 Rd8 23. Be3 Rd3 24. Kf2 Rxc3 25. Rb1 b6 26. Rb2 Ra3 27. Bb3 Bxb3 28. axb3 Na5 29. Rc2 Nxb3 30. Rc7 e6 31. f5 Ra2+ 32. Kg1 Kf8 33. f6 Ke8 34. Re7+ Kd8 35. Rxf7 Nc5 36.
Rxh7 Nxe4 37. f7 Ra1+ 38. Kh2 Ke7 39. Bh6 1-0

[Event "*** Titled Tuesday Blitz"]
[Site "Chess.com"]
[Date "2021.02.09"]
[Round "2"]
[White "RaneshRatnesan"]
[Black "TokChess"]
[Result "1-0"]
[WhiteElo "2200"]
[BlackElo "2399"]
[TimeControl "180+1"]
[EndTime "10:18:33 PST"]
[Termination "RaneshRatnesan won by checkmate"]

1. d4 Nf6 2. Bf4 g6 3. e3 d6 4. Nf3 Nh5 5. Bg5 h6 6. Bh4 Bg7 7. Bd3 Nc6 8. c3 g5 9. Bg3 Nxg3 10. hxg3 e6 11. e4 e5 12. d5 Nb8 13. Ng1 a5 14. g4 Nd7 15. Bc2 Nc5 16. Nd2 a4 17. Ne2 Bd7 18. Ng3 Qb8 19. Nc4 b5 20. Ne3 Bf8 21.
Ngf5 b4 22. Qe2 bxc3 23. bxc3 Qb2 24. O-O Qxc3 25. Rab1 Qa5 26. Nc4 Qa6 27. Rb4 Bxf5 28. exf5 Be7 29. f6 Bxf6 30. Qf3 Ke7 31. Rfb1 Qa7 32.
Rb5 Rab8 33. Na5 Rb6 34. Rxb6 Qxa5 35. R6b5 Qd2 36. Bf5 Ra8 37. Rb7 Kd8 38. Rb8+ Rxb8 39. Rxb8+ Ke7 40. Rc8 Qc1+ 41. Kh2 Na6 42. Qe4 Qc5 43.
Qxa4 Bg7 44. Qd7+ Kf6 45. Qd8# 1-0

[Event "*** Titled Tuesday Blitz"]
[Site "Chess.com"]
[Date "2021.02.09"]
[Round "2"]
[White "andy_rekt"]
[Black "federicosellitti"]
[Result "1-0"]
[WhiteElo "2243"]
[BlackElo "2437"]
[TimeControl "180+1"]
[EndTime "10:18:34 PST"]
[Termination "andy_rekt won by resignation"]

1. d4 d5 2. c4 Nc6 3. cxd5 Qxd5 4. Nf3 e5 5. Nc3 Bb4 6. a3 Bxc3+ 7. bxc3 e4 8. Nd2 Nf6 9. e3 Qg5 10. Qc2 Bf5 11.
g3 h5 12. h4 Qg6 13. Bg2 O-O 14. O-O Rfe8 15. c4 Bg4 16. Re1 Ne7 17. Nxe4 Nd7 18. Qb3 Nf5 19. Qxb7 Nxh4 20. gxh4 c6 21. Ng3 Nf6 22. Qxc6 Qc2 23. d5 Rac8 24. Qa6 Qc3 25.
Bb2 Qxb2 26. Rab1 Qc2 27. Rec1 Qd2 28. Nf1 Qd3 29. Qxa7 Qg6 30. Qd4 Bf3 31. Ng3 Bxg2 32. Kxg2 Ng4 33. Rb7 Red8 34. Qf4 f6 35. Qf5 Qe8 36.
Qe6+ Qxe6 37. dxe6 Rd2 38. Ne4 Rdd8 39. e7 Ne5 40.
exd8=Q+ Rxd8 41. c5 Nd3 42. Rc3 Ne5 43. c6 Rc8 44. c7 Nc6 45. Rxc6 1-0

[Event "*** Titled Tuesday Blitz"]
[Site "Chess.com"]
[Date "2021.02.09"]
[Round "2"]
[White "Vamostodorecto"]
[Black "Cuajada_Zero"]
[Result "0-1"]
[WhiteElo "2407"]
[BlackElo "2210"]
[TimeControl "180+1"]
[EndTime "10:18:34 PST"]
[Termination "Cuajada_Zero won on time"]

1. d4 Nf6 2. c4 e6 3. Nc3 Bb4 4. e3 c5 5. Bd2 cxd4 6. exd4 d5 7. Nf3 O-O 8. Bd3 Nbd7 9. O-O b6 10. cxd5 exd5 11.
Ne5 Bb7 12. Bg5 Be7 13. Bf5 Nxe5 14. dxe5 Ne4 15. Bxe7 Qxe7 16. f4 f6 17. Kh1 Rad8 18.
e6 g6 19. Bh3 f5 20. Ne2 Qxe6 21. Nd4 Qd7 22. Rc1 Rc8 23. g3 Ba6 24. Rf3 Rxc1 25.
Qxc1 Rc8 26. Qe1 Qa4 27. Ne6 Qc2 28. Bf1 Bxf1 29. Qxf1 Qxb2 30. Re3 Rc1 31. Re1 Rxe1 32. Qxe1 d4 33. Kg1 d3 34. Qd1 Qf6 35. Ng5 Qd4+ 36.
Kg2 Nxg5 0-1

[Event "*** Titled Tuesday Blitz"]
[Site "Chess.com"]
[Date "2021.02.09"]
[Round "2"]
[White "Sibelephant"]
[Black "anantone"]
[Result "1-0"]
[WhiteElo "3032"]
[BlackElo "2587"]
[TimeControl "180+1"]
[EndTime "10:18:35 PST"]
[Termination "Sibelephant won on time"]

1. e4 e6 2. Qe2 c5 3. g3 Nc6 4. Bg2 Be7 5. Nf3 d5 6. d3 Nf6 7. O-O O-O 8. e5 Nd7 9. c4 b5 10. b3 bxc4 11. bxc4 Nb6 12. Nc3 Ba6 13. Nb5 Qd7 14.
a4 Na5 15. Rd1 Rfd8 16. Bf4 Nb3 17. Rab1 Bxb5 18. axb5 Nd4 19. Nxd4 cxd4 20. h4 Rac8 21. Rbc1 dxc4 22. Bc6 Rxc6 23. bxc6 Qxc6 24. dxc4 Na4 25. Bg5 Bxg5 26. hxg5 Nc5 27. Rb1 g6 28. Qa2 a6 29.
Qa5 Rd7 30. Qb6 Qxb6 31. Rxb6 d3 32. f3 Kf8 33. Rc6 Nb3 34. Rd6 Rxd6 35. exd6 d2 36. Kf2 a5 37. Ke3 Ke8 38. Rxd2 Nxd2 39. Kxd2 Kd7 40. c5 e5 41. Kc3 Kc6 42. Kc4 a4 43.
Kb4 e4 44. fxe4 a3 45. Kxa3 1-0

[Event "*** Titled Tuesday Blitz"]
[Site "Chess.com"]
[Date "2021.02.09"]
[Round "2"]
[White "Misi_95"]
[Black "DanielTitichoca"]
[Result "1-0"]
[WhiteElo "2589"]
[BlackElo "2312"]
[TimeControl "180+1"]
[EndTime "10:18:35 PST"]
[Termination "Misi_95 won by checkmate"]

1. e4 c5 2. Nf3 d6 3. Bb5+ Nd7 4. d4 cxd4 5. Qxd4 a6 6. Bxd7+ Bxd7 7. Nc3 Nf6 8. Bg5 e6 9. Rd1 Be7 10. e5 dxe5 11.
Nxe5 Bb5 12. Qxd8+ Bxd8 13. a4 Bc6 14. Nxc6 bxc6 15.
Ke2 Rb8 16. b3 Nd5 17. Bd2 Bf6 18. Ne4 Be7 19. h4 h6 20. h5 f5 21. Ng3 Kf7 22. Nf1 Bf6 23. Ne3 Nf4+ 24. Kf3 Nd5 25. Nc4 e5 26. Ke2 Rbd8 27. f3 Rhe8 28. g4 fxg4 29. fxg4 Kg8 30. Rhf1 Bg5 31. Ba5 Nf4+ 32. Kf3 Rd5 33. Nd6 Rf8 34. Rxd5 cxd5 35. Nf5 e4+ 36. Kg3 Rc8 37. Rxf4 Bxf4+ 38. Kxf4 Rxc2 39. b4 Ra2 40. Ne7+ Kf7 41. Nxd5 Rxa4 42. Kxe4 Ra2 43. Ne3 Re2 44. Bb6 Rb2 45. Bc5 Rb3 46. Nc4 Rb1 47. Ne5+ Ke6 48.
Nc6 Ra1 49. Nd4+ Kf6 50. Nf5 Kg5 51. Ne3 Ra4 52. Be7# 1-0

[Event "*** Titled Tuesday Blitz"]
[Site "Chess.com"]
[Date "2021.02.09"]
[Round "2"]
[White "alejogarcia1999"]
[Black "The_filthy"]
[Result "0-1"]
[WhiteElo "2447"]
[BlackElo "2271"]
[TimeControl "180+1"]
[EndTime "10:18:35 PST"]
[Termination "The_filthy won by resignation"]

1. d4 d5 2. c4 c6 3. e3 Nf6 4. Nc3 g6 5. Nf3 Bg4 6. b3 Bg7 7. Be2 O-O 8. h3 Bxf3 9. Bxf3 e6 10. O-O Nbd7 11. Ba3 Re8 12. cxd5 exd5 13. Bd6 Ne4 14. Nxe4 dxe4 15. Be2 Nb6 16. Bh2 Nd5 17. Rc1 h5 18.
Bc4 Rc8 19. Bxd5 cxd5 20. Qd2 Qb6 21. Rxc8 Rxc8 22. Rc1 Rc6 23. Rc2 Qb5 24. Bg3 Bf8 25. Qc1 Ba3 26. Qxa3 Rxc2 27. Qe7 Qc6 28. Qd8+ Kh7 29. Be5 f6 30. Qe7+ Kg8 31. Qd8+ Kf7 32. Bd6 Qe8 33. Qa5 Qd7 34. Bg3 g5 35. Qxa7 h4 36. Bb8 Rc8 37. Kh2 Qd8 38. Qxb7+ Kg6 39. f4 Rxb8 40. f5+ Kxf5 41. Qh7+ Ke6 42. Qa7 Rc8 43.
Qa6+ Qd6+ 44. Qxd6+ Kxd6 45. Kg1 Rc2 46. a4 Rb2 47. g3 hxg3 48. a5 Rxb3 49. h4 gxh4 50.
a6 Ra3 51. a7 Rxa7 52. Kg2 Ra2+ 53. Kh3 Rh2+ 54. Kg4 g2 55. Kh5 g1=Q 0-1